 Dungeon Crawl Stone Soup version 0.28-a0-535-g6f645e4c1d (webtiles) character file.

Game seed: 753577102851869869

463 shoop the Cutter (level 7, -5/35 HPs)
             Began as a Vine Stalker Warper on Sept 26, 2021.
             Slain by an ogre (18 damage)
             ... on level 4 of the Dungeon.
             The game lasted 00:07:03 (3757 turns).

shoop the Cutter (Vine Stalker Warper)              Turns: 3757, Time: 00:07:05

Health: -5/35      AC:  5    Str: 14    XL:     7   Next: 7%
Magic:  0/11       EV: 12    Int: 21    God:
Gold:   130        SH:  0    Dex: 13    Spells: 5/10 levels left

rFire   . . .      SeeInvis .   a - +1 short sword (venom)
rCold   + . .      Faith    .   (no shield)
rNeg    . . .      Spirit   +   n - +0 leather armour
rPois   .          Reflect  .   l - +0 helmet
rElec   .          Harm     .   (no cloak)
rCorr   .          Rampage  .   q - +0 pair of gloves
Will    .....                   (no boots)
Stlth   ++........              m - amulet of the acrobat
HPRegen 1.11/turn               t - ring of protection from cold
MPRegen 0.12/turn               w - +6 ring of intelligence

@: very slightly contaminated
A: fangs 2, regeneration 1, magic shield, antimagic bite, no potion heal 2
a: no special abilities


You were on level 4 of the Dungeon.
You visited 1 branch of the dungeon, and saw 7 of its levels.

You collected 130 gold pieces.

Inventory:

Hand Weapons
 a - a +1 short sword of venom (weapon)
 b - a +4 short sword
 f - a +0 short sword
Missiles
 d - 5 boomerangs of dispersal (quivered)
 p - 16 poisoned darts
 y - 5 javelins
Armour
 l - a +0 helmet (worn)
 n - a +0 leather armour (worn)
 q - a +0 pair of gloves (worn)
Jewellery
 m - an amulet of the acrobat (around neck)
 t - a ring of protection from cold (left hand)
 v - an amulet of faith
 w - a +6 ring of intelligence (right hand)
Wands
 r - a wand of paralysis (9)
Scrolls
 c - a scroll of blinking
 g - a scroll of torment {unknown}
 h - 2 scrolls of identify {unknown}
 i - a scroll of enchant weapon {unknown}
 k - 2 scrolls of magic mapping {unknown}
 o - a scroll of immolation {unknown}
 s - a scroll of teleportation {unknown}
 u - a scroll of fear {unknown}
 x - a scroll of noise {unknown}
Potions
 e - a potion of magic {unknown}
 j - a potion of attraction {unknown}
 z - a potion of haste {unknown}
 A - a potion of flight {unknown}
 B - 2 potions of cancellation {unknown}


   Skills:
 + Level 2.8 Fighting
 * Level 4.6 Short Blades
 - Level 2.0 Throwing
 - Level 0.7 Armour
 + Level 2.5 Dodging
 + Level 3.1 Stealth
 - Level 2.1 Spellcasting
 - Level 3.0 Translocations
 + Level 1.5 Evocations


You had 5 spell levels left.
You knew the following spells:

 Your Spells              Type           Power      Damage    Failure   Level
a - Lesser Beckoning      Tloc           14%        N/A       16%         3
b - Blink                 Tloc           N/A        N/A       9%          2

Your spell library contained the following spells:

 Spells                   Type           Power      Damage    Failure   Level
 Gell's Gravitas          Tloc           7%         N/A       16%         3
 Teleport Other           Tloc           14%        N/A       16%         3
 Slow                     Hex            2%         N/A       28%         2
 Confusing Touch          Hex            2%         N/A       50%         3
 Vampiric Draining        Necr           1%         2d6       50%         3
 Manifold Assault         Tloc           14%        N/A       83%         5


Dungeon Overview and Level Annotations

Branches:
Dungeon (7/15)
 Temple: D:4-7

Altars:
Uskayaw

Annotations:
D:7 exclusion: 2 gnolls


Innate Abilities, Weirdness & Mutations

You have extremely sharp teeth.
Your natural rate of healing is unusually fast.
When hurt, damage is shared between your health and your magic reserves.
Your bite disrupts and absorbs the magic of your enemies.
Potions cannot restore your health.


Message History

The gnoll is lightly wounded.
You hit the gnoll.
The gnoll is poisoned.
You bite the gnoll. You drain its power.
The gnoll is severely wounded.
The gnoll closely misses you.
You closely miss the gnoll. The gnoll hits you with a +0 flail.
The gnoll hits you with a +0 club.
You closely miss the gnoll. You bite the gnoll. You drain its power.
You feel invigorated.
The gnoll is moderately wounded.
The gnoll hits you with a +0 flail! The gnoll misses you.
You hit the gnoll but do no damage.
The gnoll is poisoned.
The gnoll is moderately wounded.
You kill the gnoll!
The gnoll hits you but does no damage.
You barely miss the ogre. You hit the ogre.
The ogre is poisoned.
The ogre is lightly wounded.
The gnoll misses you. The ogre hits you but does no damage.
You hit the ogre but do no damage.
The ogre looks as sick as possible!
The ogre is lightly wounded.
The gnoll closely misses you. The ogre closely misses you.
The ogre barely misses you.
You hit the gnoll.
The gnoll looks even sicker.
Your bite misses the gnoll.
The gnoll is severely wounded.
The gnoll hits you with a +0 club.
You hit the ogre.
The ogre looks as sick as possible!
You bite the ogre. You drain its power.
You feel invigorated.
The ogre is almost dead.
You kill the gnoll!
The ogre hits you with a +0 giant club!!
Ouch! That really hurt!
Casting: Blink (safe; 9% risk of failure)
Confirm with . or Enter, or press ? or * to list all spells.
You miscast Blink.
You are very lightly contaminated with residual magic.
Nothing appears to happen.
The ogre hits you with a +0 giant club!!
Ouch! That really hurt!
You die...

#......................#
#))....................#
#......................#
#.......##'#############
#.......#....#
#.......#....#
#.......#....#
######......)#....#
...........O@#....#
.......<.....#....#
......########....#
...... ###### g.... ...
.. .


You could see an ogre (extremely poisoned).

Vanquished Creatures
  A centaur (D:6)
  Blork the orc (D:5)
  A jelly (D:5)
  2 hounds (D:4)
  A bullfrog skeleton (D:5)
  A hound zombie (D:5)
  A howler monkey zombie (D:7)
  Robin (D:3)
  4 gnolls
  4 adders
  A shadow imp (D:5)
  2 worms
  An orc (D:5)
  5 ball pythons
  5 endoplasms
  3 giant cockroaches
  9 hobgoblins
  4 jackals
  A quokka (D:3)
  11 bats
  2 frilled lizards
  12 goblins
  3 kobolds
  9 rats
85 creatures vanquished.

Notes
Turn   | Place    | Note
-------+----------+-------------------------------------------
     0 | D:1      | shoop the Vine Stalker Warper began the quest for the Orb.
     0 | D:1      | Reached XP level 1. HP: 11/11 MP: 4/4
    36 | D:1      | Found a faded altar of an unknown god.
    53 | D:1      | Reached skill level 2 in Short Blades
   185 | D:1      | Reached XP level 2. HP: 7/15 MP: 6/6
   354 | D:1      | Learned a level 2 spell: Blink
   811 | D:1      | Reached skill level 3 in Short Blades
   816 | D:1      | Reached XP level 3. HP: 15/18 MP: 3/7
  1528 | D:1      | Learned a level 3 spell: Lesser Beckoning
  2178 | D:2      | Gained mutation: Your natural rate of healing is unusually
                  | fast. [Vine Stalker growth]
  2178 | D:2      | Reached XP level 4. HP: 22/23 MP: 8/8
  2626 | D:3      | Reached skill level 1 in Stealth
  2889 | D:3      | Noticed Robin
  2940 | D:2      | Reached skill level 1 in Throwing
  2990 | D:3      | Killed Robin
  3014 | D:3      | Reached XP level 5. HP: 25/26 MP: 7/9
  3295 | D:4      | Noticed an ogre
  3360 | D:4      | You fall into a shaft and drop 3 floors!
  3419 | D:7      | Noticed a centaur
  3420 | D:7      | Noticed a centaur warrior zombie
  3431 | D:6      | Killed a centaur
  3432 | D:6      | Reached skill level 4 in Short Blades
  3460 | D:6      | Noticed a necrophage
  3462 | D:5      | Entered Level 5 of the Dungeon
  3462 | D:5      | Noticed Blork the orc
  3471 | D:5      | Killed Blork the orc
  3472 | D:5      | Reached skill level 1 in Evocations
  3472 | D:5      | Reached XP level 6. HP: 16/32 MP: 4/10
  3517 | D:5      | Found a hide-covered altar of Uskayaw.
  3713 | D:4      | Reached XP level 7. HP: 35/35 MP: 11/11
  3757 | D:4      | Slain by an ogre

Illustrated notes

Levels and vault maps discovered:
D:1:      nzn_arrival_depleted_hourglass, layout_basic,
          ebering_ecumenical_altar_box
D:2:      layout_basic, serial_rivers, chequers_serial_rivers_micro_a,
          chequers_serial_rivers_room_b, chequers_serial_rivers_large_a,
          chequers_serial_rivers_micro_a, fountainhead
D:3:      layout_basic, uniq_robin
D:4:      layout_gridville, uniq_eustachio
D:5:      kennysheep_windowed_halls, layout_basic, mainiacjoe_overflow_24_doors,
          uniq_blork_the_orc, uniq_ijyb
D:6:      layout_loops_cross, minmay_temple_entry_statues_fountains,
          serial_shops, kennysheep_mini_moat, minivault_22,
          uniq_crazy_yiuf_cottage
D:7:      layout_cave_pools, kennysheep_mini, minmay_chambers_of_fives,
          uniq_prince_ribbit1

Skill      XL: |  1  2  3  4  5  6  7 |
---------------+----------------------+-----
Short Blades   | 2 3 4 |  4.6
Fighting       | 2 |  2.8
Stealth        | 1 2 3 |  3.1
Throwing       | 1 2 |  2.0
Dodging        | 2 |  2.5
Evocations     | 1 |  1.5
Armour         | |  0.7
Spellcasting   | |  2.1
Translocations | |  3.0

Action                   |  1- 3 |  4- 6 |  7- 9 || total
-------------------------+-------+-------+-------++-------
Melee: Short sword       |   121 |   164 |    18 ||   303
       Bite              |    21 |    38 |     7 ||    66
  Use: Potion            |     1 |       |       ||     1
 Stab: Sleeping          |       |     1 |       ||     1
       Distracted        |       |     1 |       ||     1
Armor: Leather armour    |    44 |    59 |     2 ||   105
Dodge: Dodged            |    85 |   127 |    10 ||   222

Table legend: (Time is in decaauts)
 A = Elapsed time spent in this place.
 B = Non-inter-level travel time spent in this place.
 C = Inter-level travel time spent in this place.
 D = Time resting spent in this place.
 E = Time spent auto-exploring this place.
 F = Levels seen in this place.
 G = Mean time per level.
                   A        B        C        D        E       F      G
               +--------+--------+--------+--------+--------+-----+--------+
         Total |   3746 |   3600 |    146 |     64 |   2816 |   7 |  535.1 |
       Dungeon |   3746 |   3600 |    146 |     64 |   2816 |   7 |  535.1 |
               +--------+--------+--------+--------+--------+-----+--------+

Top non-repeatable levels by time:
     D:1: 1562 daAuts
     D:2: 1116 daAuts
     D:3: 631 daAuts
     D:5: 172 daAuts
     D:4: 165 daAuts
     D:7: 62 daAuts
     D:6: 36 daAuts
